 Dungeon Sprint DCSS version 0.31-a0-656-gb4d89c20fa (webtiles) character file.

Game seed: 7992269963693583225

13034 rocky1 the Black Belt (level 12, -32/96 HPs)
             Began as a Djinni Shapeshifter on Aug 31, 2023.
             Was an Initiate of Gozag.
             Hit by a large rock thrown by a stone giant (49 damage)
             ... in the Dungeon (Sprint IX: "|||||||||||||||||||||||||||||").
             The game lasted 00:15:59 (3473 turns).

rocky1 the Black Belt (Djinni Shapeshifter)         Turns: 3473, Time: 00:15:59

Health: -32/96     AC: 15    Str: 13    XL:     12   Next: 27%
Gold:   180        EV: 14    Int: 16    God:    Gozag SH:  0 Dex: 17

rFire   + +          +
                       - Unarmed
rCold   x . .        (no shield)
rNeg    . . .        z - +1 scale mail {rF+}
rPois   ∞            (helmet currently unavailable)
rElec   .            (cloak currently unavailable)
rCorr   .            (gloves currently unavailable)
SInv    .            (boots unavailable)
Will    ++++.        v - amulet "Xodanaym" {RegenMP Rampage +Blink Will++ Stlth-} Stlth
                     w - ring "Fiasebb" {Will+ AC+4 Dex+3}
HPRegen 0.36/turn    p - +2 ring of protection
MPRegen 0.00/turn

%: no teleportation, rampage, infuse magic (-33 HP)
@: beast-form, flying, hasted, very quick
A: beast (slay +4), flying, sickness immunity, fire resistance 2, cold
vulnerability 1, float, innate caster, HP casting, extra vitality 1
a: Begin Untransformation, Renounce Religion, Evoke Blink, Potion Petition, Call
Merchant, Bribe Branch


You were in the Dungeon.
You worshipped Gozag.
Gozag was aware of your devotion.
You were a hulking beast.
You visited 1 branch You collected 7613 gold pieces.
You spent 4225 gold pieces at shops.
You paid 3208 gold pieces to Gozag.

Inventory:

Hand Weapons
 D - the +2 great sword of Big Damage {heavy, Str+2 Dex+3}
   (You found it in the Dungeon)

   Str+2:     It affects your strength (+2).
   Dex+3:     It affects your dexterity (+3).
Missiles
 m - 3 silver javelins
 y - 4 javelins
Armour
 a - a +2 cloak
 n - a +2 ring mail
 s - the +0 helmet of Nius Souc {rF++ Stlth+}
   (You found it in the Dungeon)

   rF++:      It greatly protects you from fire.
   Stlth+:    It makes you more stealthy.
 z - a +1 scale mail of fire resistance (worn)
Jewellery
 o - a +3 ring of strength
 p - a +2 ring of protection (right hand)
 v - the amulet "Xodanaym" (around neck) {RegenMP Rampage +Blink Will++ Stlth-}
   (You bought it in a shop in the Dungeon)

   [amulet of magic regeneration]

   RegenMP:   It increases your rate of magic regeneration.
   Will++:    It greatly increases your willpower.
   +Blink:    It lets you blink.
   Rampage:   It bestows one free step when moving towards enemies.
   Stlth-:    It makes you less stealthy.
 w - the ring "Fiasebb" (left hand) {Will+ AC+4 Dex+3}
   (You bought it in a shop in the Dungeon)

   [ring of protection]

   AC+4:      It affects your AC (+4).
   Dex+3:     It affects your dexterity (+3).
   Will+:     It increases your willpower.
 A - a ring of willpower
 B - a ring of protection from fire
 C - a ring of willpower
Talismans
 c - a beast talisman (active)
 d - a flux talisman
 x - a granite talisman
Wands
 k - a wand of roots (20)
Scrolls
 f - 3 scrolls of enchant armour
 g - 8 scrolls of enchant weapon
 i - 2 scrolls of poison
 j - 2 scrolls of fog
 l - a scroll of butterflies
 q - 3 scrolls of identify
 r - a scroll of fear
 u - a scroll of immolation
Potions
 e - 8 potions of curing
 h - 2 potions of berserk rage
 F - a potion of mutation
 G - a potion of brilliance


   Skills:
 * Level 12.8 Fighting
 + Level 8.3 Armour
 + Level 10.4 Dodging
 - Level 3.6 Stealth
 + Level 19.4 Unarmed Combat
 + Level 5.1 Spellcasting
 + Level 5.1 Conjurations
 + Level 5.1 Hexes
 + Level 5.1 Summonings
 + Level 5.1 Necromancy
 + Level 5.1 Translocations
 + Level 5.1 Transmutations
 + Level 5.1 Fire Magic
 + Level 5.1 Ice Magic
 + Level 5.1 Air Magic
 + Level 5.1 Earth Magic
 + Level 5.1 Poison Magic
 * Level 10.4 Shapeshifting


You knew the following spells:

 Your Spells              Type           Power      Damage    Failure   Level
a - Necrotise             Necr           80%        1d8       7%          1
b - Wereblood             Tmut           20%        N/A       11%         2
c - Summon Guardian Gole  Hex/Summ       20%        N/A       21%         3
d - Animate Armour        Summ/Erth      40%        N/A       56%         4
e - Iskenderun's Mystic   Conj/Tloc      20%        2d6       56%         4
Your spell library was empty.

Dungeon Overview and Level Annotations

Branches:
Dungeon (1/1)

Altars:
Cheibriados
Dithmenos
Elyvilon
Fedhas
Gozag
Hepliaklqana
Makhleb
Nemelex Xobeh
Okawaru
Qazlal
Ru
Trog
Uskayaw
Wu Jian
Xom
Yredelemnul
Zin
The Shining One
Jiyva
Lugonu

Shops:
D ?[(?=


Innate Abilities, Weirdness & Mutations

You are a hulking beast.
Your limbs bulge with bestial killing power. (Slay +4)
You are flying.
You are immune to sickness and miasma.
You are immune to poison.
Your flesh is very heat resistant. (rF++)
You are vulnerable to cold. (rC-)
You float through the air rather than walking.
You learn spells naturally, not from books.
Your magical power is your life essence.
You have superior vitality. (+4 MHP)


Message History

You see here the +3 ring mail "Dash" {rPois rF- Will+ SInv}.
You see here +0 shadow dragon scales.
You see here a +0 plate armour.
You see here a +2 plate armour.
You see here a +2 kite shield of protection.
You see here a +2 ring mail.
You howl as the wereblood boils in your veins!
You see here a +3 chain mail.
You see here +1 fire dragon scales.
You see here a +1 lajatang.
Your primal bloodlust is almost over.
You see here a +1 giant spiked club.
You see here a +1 glaive.
You see here a +3 orcbow of freezing.
You see here a +0 triple crossbow.
You see here a +1 falchion of holy wrath.
You see here a +1 lajatang.
Your primal bloodlust has ended.
You see here a ring of poison resistance.
There is an open door here.
You reach down and close the door.
You start resting.
An ogre mage opens the door.
It is wielding a +0 spear.
You rampage towards the ogre mage!
You hit the ogre mage. Your punch misses the ogre mage.
The ogre mage is severely wounded.
You punch the ogre mage!
The ogre mage is almost dead.
The ogre mage hits you with a +0 spear.
You pummel the ogre mage!!
You kill the ogre mage!
The stone giant throws a large rock.
The large rock hits you!!
* * * LOW HITPOINT WARNING * * *
You reach down and close the door.
A stone giant opens the door.
You feel yourself speed up.
The stone giant throws a large rock.
The large rock hits you!!!
Ouch! That really hurt!
You die...
Your body crumbles into a pile of gold.

▓_▓.▓.▓.▓.▓.▓)▓
▓_▓.▓'▓.▓)▓C▓)▓
▓_▓.▓.▓.▓)▓.▓)▓
▓_▓.▓.▓.▓.▓.▓.▓
▓_▓.▓.▓.▓.▓.▓[▓
▓_▓.▓.▓.▓.▓.▓[▓
▓_▓.▓.▓.▓.▓.▓[▓
▓_▓.▓.▓.▓'▓.▓[▓
▓_▓.▓.▓.▓)▓h▓[▓
▓_▓.▓.▓.▓)▓.▓[▓
▓_▓.▓.▓.▓)▓.▓[▓
▓_▓.▓'▓.▓)▓.▓[▓
▓_▓.▓.▓.▓.▓.▓.▓
▓_▓.▓.▓.▓.▓.▓.▓
▓_▓.▓.▓.▓)▓.▓.▓
▓_▓.▓.▓.▓.▓.▓.▓
▓_▓.▓.▓.▓)▓.▓.▓


You could see a stone giant.

Vanquished Creatures
  An ogre mage (D)
  A centaur warrior (D)
  Urug (D)
  A skeletal warrior (D)
  5 orc knights (D)
  An ugly thing (D)
  A manticore (D)
  Maurice (D)
  A gargoyle (D)
  A komodo dragon (D)
  6 cane toads (D)
  A rime drake (D)
  Psyche (D)
  A polar bear (D)
  3 trolls (D)
  A hornet (D)
  2 blink frogs (D)
  A vampire (D)
  A yak (D)
  A wraith (D)
  A basilisk (D)
  4 wargs (D)
  2 hell hounds (D)
  3 water moccasins (D)
  12 orc warriors (D)
  An ogre (D)
  A centaur (D)
  2 wolves (D)
  2 bullfrogs (D)
  A scorpion (D)
  3 orc priests (D)
  3 orc wizards (D)
  An adder (D)
  A white imp (D)
  A dart slug (D)
  18 orcs (D)
  2 endoplasms (D)
  A goblin (D)
  A hobgoblin (D)
  A quokka (D)
93 creatures vanquished.

Notes
Turn   | Place    | Note
-------+----------+-------------------------------------------
     0 | D        | rocky1 the Djinni Shapeshifter began the quest for the Orb.
     0 | D        | Reached XP level 1. HP: 17/17 MP: 0/0
    15 | D        | Reached XP level 2. HP: 21/23 MP: 0/0
    27 | D        | Noticed a scorpion
    27 | D        | Noticed an ogre
    31 | D        | Reached skill level 4 in Unarmed Combat
    35 | D        | Reached XP level 3. HP: 10/29 MP: 0/0
    35 | D        | Learned a level 1 spell: Necrotise
   122 | D        | Killed a scorpion
   123 | D        | Reached skill level 5 in Unarmed Combat
   123 | D        | Reached skill level 5 in Shapeshifting
   123 | D        | Reached XP level 4. HP: 28/35 MP: 0/0
   127 | D        | Killed an ogre
   128 | D        | Reached skill level 7 in Unarmed Combat
   128 | D        | Reached XP level 5. HP: 22/42 MP: 0/0
   128 | D        | Learned a level 2 spell: Wereblood
   208 | D        | Found a snail-covered altar of Cheibriados.
   208 | D        | Found a shadowy altar of Dithmenos.
   208 | D        | Found a white marble altar of Elyvilon.
   208 | D        | Found a blossoming altar of Fedhas.
   208 | D        | Found an opulent altar of Gozag.
   209 | D        | Found a hazy altar of Hepliaklqana.
   210 | D        | Found a viscous altar of Jiyva.
   212 | D        | Found a corrupted altar of Lugonu.
   213 | D        | Found a burning altar of Makhleb.
   214 | D        | Found a sparkling altar of Nemelex Xobeh.
   215 | D        | Found an iron altar of Okawaru.
   216 | D        | Became a worshipper of Gozag Ym Sagoz the Greedy
   217 | D        | Found a stormy altar of Qazlal.
   218 | D        | Found a sacrificial altar of Ru.
   220 | D        | Found a bloodstained altar of Trog.
   221 | D        | Found a hide-covered altar of Uskayaw.
   223 | D        | Found an ornate altar of the Wu Jian Council.
   224 | D        | Found a shimmering altar of Xom.
   225 | D        | Found a basalt altar of Yredelemnul.
   226 | D        | Found a glowing silver altar of Zin.
   227 | D        | Found a glowing golden altar of the Shining One.
   268 | D        | Noticed a troll
   268 | D        | Noticed an orc warrior
   268 | D        | Noticed a centaur
   268 | D        | Noticed a hornet
   268 | D        | Noticed an orc warrior
   268 | D        | Noticed a troll
   278 | D        | Killed a troll
   279 | D        | Reached skill level 5 in Fighting
   279 | D        | Reached skill level 5 in Dodging
   279 | D        | Reached skill level 9 in Unarmed Combat
   279 | D        | Reached XP level 6. HP: 29/50 MP: 0/0
   279 | D        | Reached XP level 7. HP: 32/55 MP: 0/0
   279 | D        | Learned a level 3 spell: Summon Guardian Golem
   292 | D        | Reached skill level 10 in Unarmed Combat
   299 | D        | Killed a hornet
   300 | D        | Reached XP level 8. HP: 27/62 MP: 0/0
   316 | D        | Killed a troll
   317 | D        | Reached skill level 11 in Unarmed Combat
   668 | D        | Noticed a manticore
   668 | D        | Noticed a wraith
   668 | D        | Noticed a troll
   668 | D        | Noticed a gargoyle
   668 | D        | Noticed a vampire
   680 | D        | Killed a manticore
   681 | D        | Reached skill level 1 in Armour
   681 | D        | Reached skill level 12 in Unarmed Combat
   681 | D        | Reached XP level 9. HP: 38/70 MP: 0/0
   681 | D        | Learned a level 4 spell: Animate Armour
   687 | D        | Reached skill level 1 in Stealth
   689 | D        | Killed a troll
   692 | D        | Killed a gargoyle
   693 | D        | Reached skill level 13 in Unarmed Combat
   693 | D        | Reached skill level 1 in Spellcasting
   693 | D        | Reached skill level 1 in Conjurations
   693 | D        | Reached skill level 1 in Hexes
   693 | D        | Reached skill level 1 in Summonings
   693 | D        | Reached skill level 1 in Necromancy
   693 | D        | Reached skill level 1 in Translocations
   693 | D        | Reached skill level 1 in Transmutations
   693 | D        | Reached skill level 1 in Fire Magic
   693 | D        | Reached skill level 1 in Ice Magic
   693 | D        | Reached skill level 1 in Air Magic
   693 | D        | Reached skill level 1 in Earth Magic
   693 | D        | Reached skill level 1 in Poison Magic
   699 | D        | HP: 2/71 [something (8)]
  1134 | D        | Noticed a cane toad
  1134 | D        | Noticed a blink frog
  1143 | D        | Killed a cane toad
  1148 | D        | Noticed a cane toad
  1149 | D        | Reached skill level 14 in Unarmed Combat
  1149 | D        | Noticed a cane toad
  1154 | D        | Killed a blink frog
  1155 | D        | Reached XP level 10. HP: 48/78 MP: 0/0
  1173 | D        | Killed a cane toad
  1177 | D        | Killed a cane toad
  1178 | D        | Reached skill level 15 in Unarmed Combat
  1519 | D        | Noticed a cane toad
  1519 | D        | Noticed a komodo dragon
  1519 | D        | Noticed a cane toad
  1519 | D        | Noticed a rime drake
  1523 | D        | Noticed a cane toad
  1527 | D        | Killed a cane toad
  1528 | D        | Reached skill level 10 in Fighting
  1533 | D        | Killed a komodo dragon
  1534 | D        | Reached skill level 5 in Armour
  1538 | D        | Killed a cane toad
  1543 | D        | Killed a rime drake
  1544 | D        | Reached skill level 16 in Unarmed Combat
  1548 | D        | Killed a cane toad
  1549 | D        | Reached XP level 11. HP: 45/86 MP: 0/0
  1549 | D        | Learned a level 4 spell: Iskenderun's Mystic Blast
  1927 | D        | Got the +0 helmet of Nius Souc {rF++ Stlth+}
  2006 | D        | Noticed Maurice
  2028 | D        | Killed Maurice
  2029 | D        | Reached skill level 5 in Spellcasting
  2029 | D        | Reached skill level 5 in Conjurations
  2029 | D        | Reached skill level 5 in Hexes
  2029 | D        | Reached skill level 5 in Summonings
  2029 | D        | Reached skill level 5 in Necromancy
  2029 | D        | Reached skill level 5 in Translocations
  2029 | D        | Reached skill level 5 in Transmutations
  2029 | D        | Reached skill level 5 in Fire Magic
  2029 | D        | Reached skill level 5 in Ice Magic
  2029 | D        | Reached skill level 5 in Air Magic
  2029 | D        | Reached skill level 5 in Earth Magic
  2029 | D        | Reached skill level 5 in Poison Magic
  2178 | D        | Reached skill level 17 in Unarmed Combat
  2334 | D        | Noticed an orc knight
  2338 | D        | Noticed an orc knight
  2347 | D        | Killed an orc knight
  2351 | D        | Noticed an orc knight
  2354 | D        | Killed an orc knight
  2392 | D        | Killed an orc knight
  2441 | D        | Reached skill level 10 in Dodging
  2441 | D        | Reached skill level 18 in Unarmed Combat
  2508 | D        | Found Adetuifa's Magic Scroll Emporium.
  2508 | D        | Noticed an orc knight
  2511 | D        | Noticed an orc knight
  2522 | D        | Killed an orc knight
  2523 | D        | Found Burchua's Antique Armour Shoppe.
  2527 | D        | Found Apsim's Weapon Emporium.
  2535 | D        | Killed an orc knight
  2538 | D        | Found Ohopset's Magic Scroll Shoppe.
  2835 | D        | Bought a scroll of enchant weapon for 90 gold pieces
  2835 | D        | Bought a scroll of poison for 48 gold pieces
  2835 | D        | Bought a scroll of butterflies for 48 gold pieces
  2835 | D        | Bought a scroll of fog for 48 gold pieces
  2837 | D        | Bought a glowing chain mail for 187 gold pieces
  2844 | D        | Bought 3 silver javelins for 324 gold pieces
  2846 | D        | Bought a scroll of enchant weapon for 82 gold pieces
  2846 | D        | Bought 2 scrolls of blinking for 165 gold pieces
  2846 | D        | Bought a scroll of immolation for 44 gold pieces
  2846 | D        | Bought a scroll of poison for 44 gold pieces
  2846 | D        | Bought a scroll of enchant armour for 82 gold pieces
  2850 | D        | Bought the amulet "Xodanaym" {RegenMP Rampage +Blink Will++
                  | Stlth-} for 905 gold pieces
  2850 | D        | Bought the ring "Fiasebb" {Will+ AC+4 Dex+3} for 878 gold
                  | pieces
  2850 | D        | Bought a granite talisman for 1280 gold pieces
  2883 | D        | Noticed Psyche
  2883 | D        | Noticed Urug
  2891 | D        | Killed Psyche
  2902 | D        | Killed Urug
  2903 | D        | Reached skill level 10 in Shapeshifting
  2903 | D        | Reached XP level 12. HP: 48/96 MP: 0/0
  3226 | D        | Got the +2 great sword of Big Damage {heavy, Str+2 Dex+3}
  3369 | D        | Noticed a skeletal warrior
  3369 | D        | Noticed a centaur warrior
  3369 | D        | Noticed an ogre mage
  3380 | D        | Killed a skeletal warrior
  3381 | D        | Reached skill level 19 in Unarmed Combat
  3383 | D        | Killed a centaur warrior
  3392 | D        | Noticed a stone giant
  3434 | D        | Killed an ogre mage
  3434 | D        | HP: 3/96 [stone giant/large rock (32)]
  3473 | D        | Hit by a large rock thrown by a stone giant

Illustrated notes

Levels and vault maps discovered:
D:        linesprint [early_d, line_temple, items_1, d_10, items_2, lair_1,
          lair_end, items_3, orc_1, orc_end, items_4, d_15, swamp_1, shoals_1,
          snake_1, spider_1, d_20, vaults_1, items_5, swamp_end, shoals_end,
          snake_end, spider_end, vaults_end, d_27, items_6, zot_1, zot_end,
          crypt_end, forest_end, elf_end, slime_end, tomb_end, abyss_end,
          pan_hell_end]

Skill      XL: |  1  2  3  4  5  6  7  8  9 10 11 12 |
---------------+-------------------------------------+-----
Shapeshifting  | 3 4 5 6 7 8 10 | 10.4
Fighting       | 2 3 4 5 6 7 9 10 12 | 12.8
Unarmed Combat | 4 5 7 9 10 12 14 16 18 19 | 19.4
Dodging        | 3 4 5 6 7 8 9 10 | 10.4
Armour         | 1 3 6 7 8 |  8.3
Stealth        | 2 3 |  3.6
Spellcasting   | 2 4 5 |  5.1
Conjurations   | 2 4 5 |  5.1
Hexes          | 2 4 5 |  5.1
Summonings     | 2 4 5 |  5.1
Necromancy     | 2 4 5 |  5.1
Translocations | 2 4 5 |  5.1
Transmutations | 2 4 5 |  5.1
Fire Magic     | 2 4 5 |  5.1
Ice Magic      | 2 4 5 |  5.1
Air Magic      | 2 4 5 |  5.1
Earth Magic    | 2 4 5 |  5.1
Poison Magic   | 2 4 5 |  5.1

Action                     |  1- 3 |  4- 6 |  7- 9 | 10-12 || total
---------------------------+-------+-------+-------+-------++-------
  Melee: Unarmed           |    22 |    17 |    76 |   240 ||   355
         Punch             |     1 |     1 |     8 |    21 ||    31
   Cast: Wereblood         |       |       |     1 |     6 ||     7
 Invoke: Potion Petition   |       |       |     1 |     7 ||     8
         Call Merchant     |       |       |       |     1 ||     1
  Evoke: Wand              |       |       |     1 |       ||     1
    Use: Potion            |       |     1 |     5 |     6 ||    12
         Scroll            |       |       |     1 |     3 ||     4
   Stab: Invisible         |       |       |     2 |    10 ||    12
         Distracted        |       |       |       |     2 ||     2
 Armour: Animal skin       |     2 |       |       |       ||     2
         Skin              |       |    12 |    13 |       ||    25
         Ring mail         |       |       |    15 |    26 ||    41
         Scale mail        |       |       |       |     7 ||     7
  Dodge: Dodged            |     8 |     6 |    41 |    89 ||   144

Table legend: (Time is in decaauts)
 A = Elapsed time spent in this place.
 B = Non-inter-level travel time spent in this place.
 C = Inter-level travel time spent in this place.
 D = Time resting spent in this place.
 E = Time spent auto-exploring this place.
 F = Levels seen in this place.
 G = Mean time per level.
                   A        B        C        D        E       F      G
               +--------+--------+--------+--------+--------+-----+--------+
         Total |   3351 |   3351 |      0 |   2059 |      0 |   1 | 3351.0 |
       Dungeon |   3351 |   3351 |      0 |   2059 |      0 |   1 | 3351.0 |
               +--------+--------+--------+--------+--------+-----+--------+

Top non-repeatable levels by time:
       D: 3351 daAuts
